 Dungeon Crawl Stone Soup version 0.31-a0-881-ge136f0c47a (webtiles) character file.

Game seed: 2287938522321082331

23 p00ps00p the Trooper (level 2, -1/27 HPs)
             Began as a Hill Orc Fighter on Oct 15, 2023.
             Slain by a quokka (3 damage)
             ... on level 2 of the Dungeon.
             The game lasted 00:01:21 (697 turns).

p00ps00p the Trooper (Hill Orc Fighter)              Turns: 697, Time: 00:01:21

Health: -1/27      AC:  6    Str: 24    XL:     2   Next: 95%
Magic:  11/11      EV:  9    Int:  8    God:
Gold:   58         SH:  9    Dex: 10    Spells: 1/1 levels left

rFire   . . .        a - +0 war axe
rCold   . . .        c - +0 buckler
rNeg    . . .        b - +0 scale mail
rPois   .            (no helmet)
rElec   .            (no cloak)
rCorr   .            (no gloves)
SInv    .            (no boots)
Will    .....        g - amulet of reflection Stlth
                     i - ring of magical power
HPRegen 0.24/turn    k - +6 ring of strength
MPRegen 0.12/turn

%: reflection
@: mighty
A: no striking features
a: no special abilities


You were on level 2 of the Dungeon.
You visited 1 branch of the dungeon, and saw 2 of its levels.

You collected 58 gold pieces.

Inventory:

Hand Weapons
 a - a +0 war axe (weapon)
Missiles
 e - 6 poisoned darts (quivered)
Armour
 b - a +0 scale mail (worn)
 c - a +0 buckler (worn)
Jewellery
 g - an amulet of reflection (around neck)
 i - a ring of magical power (left hand)
 k - a +6 ring of strength (right hand)
Scrolls
 j - a scroll of vulnerability {unknown}
 l - a scroll of identify {unknown}
Potions
 f - a potion of magic {unknown}
 h - a potion of invisibility {unknown}


   Skills:
 + Level 4.0 Fighting
 + Level 3.2 Axes
 + Level 3.6 Armour
 + Level 3.6 Shields


You had one spell level left.
You didn't know any spells.
Your spell library contained the following spells:

 Spells                   Type           Power      Damage    Failure   Level
 Ensorcelled Hibernation  Hex/Ice        0%         N/A       88%         2
 Passwall                 Tmut/Erth      0%         N/A       88%         2
 Swiftness                Air            0%         N/A       98%         3


Dungeon Overview and Level Annotations

Branches:
Dungeon (2/15)

Altars:

Annotations:
D:2 Jessica


Message History

You barely miss the kobold. You block the kobold's attack.
You barely miss the kobold. The kobold hits you but does no damage.
You barely miss the kobold. The kobold hits you but does no damage.
Jessica the Apprentice Sorceress comes into view.
She is wielding a +0 club.
The kobold hits you with a +0 short sword.
You hit Jessica.
Jessica is lightly wounded.
You hit the kobold. You block the kobold's attack.
Jessica gestures at you while chanting. Pain shoots through your body!
You barely miss the kobold.
The kobold is heavily wounded.
You barely miss Jessica. You block the kobold's attack.
You block Jessica's attack. The kobold hits you but does no damage.
Jessica closely misses you.
You closely miss the kobold.
The kobold is heavily wounded.
You closely miss Jessica. The kobold hits you but does no damage.
You block Jessica's attack.
You slash the kobold!
You kill the kobold!
You closely miss Jessica. Jessica hits you but does no damage.
You hit Jessica.
Jessica is heavily wounded.
You completely miss the quokka. The quokka barely misses you.
Jessica casts a spell at you. Pain shoots through your body!
* * * LOW HITPOINT WARNING * * *
The quokka barely misses you. Jessica hits you but does no damage.
You are too injured to fight recklessly!
You hit Jessica.
Jessica is severely wounded.
You hit the quokka. You block the quokka's attack.
Jessica hits you with a +0 club.
* * * LOW HITPOINT WARNING * * *
You feel very mighty all of a sudden. The quokka bites you.
* * * LOW HITPOINT WARNING * * *
You block Jessica's attack. The quokka bites you.
You die...

#.. #..
#..###### .#
#.......#
...##.......####
#..............
#...........
#@@...# #.#r###
#..... #..#.##
##...# #.## .#
.#


You could see Jessica and a quokka.

Vanquished Creatures
  An endoplasm (D:1)
  3 giant cockroaches (D:1)
  2 goblins (D:1)
  2 hobgoblins (D:1)
  3 quokkas (D:1)
  A ball python (D:1)
  A bat (D:1)
  2 frilled lizards (D:1)
  3 kobolds
  3 rats (D:1)
21 creatures vanquished.

Notes
Turn   | Place    | Note
-------+----------+-------------------------------------------
     0 | D:1      | p00ps00p the Hill Orc Fighter began the quest for the Orb.
     0 | D:1      | Reached XP level 1. HP: 19/19 MP: 1/1
   116 | D:1      | Found a faded altar of an unknown god.
   130 | D:1      | Reached XP level 2. HP: 21/27 MP: 2/2
   573 | D:1      | Reached skill level 4 in Fighting
   690 | D:2      | Noticed Jessica
   697 | D:2      | Slain by a quokka

Illustrated notes

Levels and vault maps discovered:
D:1:      dreamdust_arrival_beginning_and_end, layout_basic,
          hellmonk_ecumenical_altar_arch_garden
D:2:      layout_loops_ring, minmay_small_reverse_x, uniq_jessica, uniq_robin,
          uniq_terence

Skill      XL: |  1  2 |
---------------+-------+-----
Axes           | 3 |  3.2
Fighting       | 4 |  4.0
Armour         | |  3.6
Shields        | |  3.6

Action                     || total
---------------------------++-------
  Melee: War axe           ||    60
    Use: Potion            ||     1
 Armour: Scale mail        ||    43
  Dodge: Dodged            ||    17
  Block: Buckler           ||    40
         Reflection        ||     2

Table legend: (Time is in decaauts)
 A = Elapsed time spent in this place.
 B = Non-inter-level travel time spent in this place.
 C = Inter-level travel time spent in this place.
 D = Time resting spent in this place.
 E = Time spent auto-exploring this place.
 F = Levels seen in this place.
 G = Mean time per level.
                   A        B        C        D        E       F      G
               +--------+--------+--------+--------+--------+-----+--------+
         Total |    719 |    706 |     13 |      0 |    536 |   2 |  359.5 |
       Dungeon |    719 |    706 |     13 |      0 |    536 |   2 |  359.5 |
               +--------+--------+--------+--------+--------+-----+--------+

Top non-repeatable levels by time:
     D:1: 705 daAuts
     D:2: 14 daAuts
